 Dungeon Crawl Stone Soup version 0.28-a0-1412-gf95308ed99 (webtiles) character file.

Game seed: 12802984149153119148

247 kae the Changer (level 5, -2/40 HPs)
             Began as a Draconian Transmuter on Jan 6, 2022.
             Slain by a bullfrog (8 damage)
             ... in a sewer.
             The game lasted 00:03:04 (3286 turns).

kae the Changer (Draconian Transmuter)              Turns: 3286, Time: 00:03:05

Health: -2/40      AC:  2    Str: 10    XL:     5   Next: 85%
Magic:  6/10       EV: 19    Int: 16    God:
Gold:   45         SH:  0    Dex: 16    Spells: 2/10 levels left

rFire   . . .      SeeInvis .     - Unarmed
rCold   . . .      Faith    .   (shield currently unavailable)
rNeg    . . .      Spirit   .   (armour unavailable)
rPois   x          Reflect  .   (helmet currently unavailable)
rElec   .          Harm     .   (cloak currently unavailable)
rCorr   .          Rampage  .   (gloves currently unavailable)
Will    .....                   (boots currently unavailable)
Stlth   +.........              (no amulet)
HPRegen 0.00/turn               (no ring)
MPRegen 0.12/turn               (no ring)

@: spider-form, inhibited regen
A: venomous fangs, AC +5, tiny, unfitting armour, (cold-blooded), inhibited
regeneration, weak 1
a: End Transformation


You were in a sewer.
You were a venomous arachnid creature.
You visited 1 branch of the dungeon, and saw 3 of its levels.
You also visited: Sewer.

You collected 45 gold pieces.

Inventory:

Potions
 d - 2 potions of magic
 g - a potion of brilliance


   Skills:
 - Level 1.1 Fighting
 - Level 1.7 Dodging
 - Level 3.0 Unarmed Combat
 + Level 3.3 Spellcasting
 * Level 4.8 Transmutations
 * Level 1.7 Ice Magic
 - Level 1.0 Poison Magic


You had 2 spell levels left.
You knew the following spells:

 Your Spells              Type           Power      Damage    Failure   Level
a - Beastly Appendage     Tmut           36%        N/A       10%         1
b - Spider Form           Tmut/Pois      11%        N/A       36%         3
c - Ice Form              Ice/Tmut       13%        N/A       65%         4

Your spell library contained the following spells:

 Spells                   Type           Power      Damage    Failure   Level
 Wereblood                Tmut           18%        N/A       12%         2
 Ignite Poison            Fire/Tmut/Pois 8%         N/A       45%         3
 Conjure Flame            Conj/Fire      2%         6-21      69%         3
 Sticky Flame             Conj/Fire      2%         2d3       96%         4


Dungeon Overview and Level Annotations

Branches:
Dungeon (3/15)              Sewer (1/1)

Altars:


Innate Abilities, Weirdness & Mutations

You are a venomous arachnid creature.
You have poisonous fangs.
You are tiny and dextrous.
Your spellcasting is less reliable in this form.
Your armour is entirely melded.
You are incapable of wielding weapons or throwing items.
((Your plain brown scales are hard. (AC +5)))
You cannot fit into any form of body armour.
((You are cold-blooded and may be slowed by cold attacks.))
You do not regenerate when monsters are visible.
You are weak. (Str -2)


Message History

The bullfrog gives a loud, deep croak!
A bullfrog comes into view.
You see here 12 gold pieces.
There are monsters nearby!
There are monsters nearby!
You enter the shallow water.
Moving in this stuff is going to be slow.
The bullfrog gives a loud, deep croak!
Your horns disappear.
Your talons disappear.
The bullfrog hits you.
The bullfrog hits you but does no damage.
Casting: Beastly Appendage (safe; 3% risk of failure)
Confirm with . or Enter, or press ? or * to list all spells.
The spell is quite dangerous to miscast (19% risk of failure)!
Continue anyway? [Y]es or [N]o only, please.
The spell is quite dangerous to miscast (19% risk of failure)!
Continue anyway?
You turn into a venomous arachnid creature.
The bullfrog hits you. x3
You hit the bullfrog.
The bullfrog is poisoned.
The bullfrog is moderately wounded.
The bullfrog hits you but does no damage.
The bullfrog hits you.
You bite the bullfrog!
The bullfrog looks as sick as possible!
The bullfrog is heavily wounded.
The bullfrog hits you! The bullfrog completely misses you. x3
You barely miss the bullfrog.
The bullfrog is heavily wounded.
The bullfrog barely misses you. x2
It was a potion of mutation.
You feel extremely strange.
Your regeneration stops near monsters.
You feel weaker. The bullfrog closely misses you.
The bullfrog completely misses you. The bullfrog closely misses you.
The bullfrog hits you!
* * * LOW HITPOINT WARNING * * *
You bite the bullfrog!
The bullfrog looks as sick as possible!
The bullfrog is almost dead.
You kill the bullfrog!
The bullfrog misses you.
Your Ice Magic skill increases to level 1!
You closely miss the bullfrog. The bullfrog hits you!
You die...

############# #≈≈≈≈≈≈≈≈≈†.#####
#≈≈≈.≈≈≈.≈≈≈..∩.###
#≈≈.#########≈....##
####.≈≈≈≈≈.†≈≈≈####≈≈∩#
##≈≈#.≈≈≈≈#####≈≈≈≈#####
####≈.≈#######≈∩≈#≈≈≈≈≈≈≈##
##≈≈≈≈≈≈≈#...≈.≈≈≈####≈≈≈≈≈#
##.≈≈≈#≈≈##†s.≈≈≈≈..≈.###≈≈≈.
#.≈.≈##≈≈#≈F#######≈≈≈≈≈##≈≈.
##≈.≈##≈≈##.≈#≈≈≈≈≈###≈..≈##..
#≈≈≈≈#≈≈≈#≈≈...≈≈≈≈≈≈##≈.≈≈#≈≈
##..≈##≈≈≈#≈≈≈.≈.≈≈≈≈≈≈##≈≈≈##≈
#.≈≈†#≈≈.≈#.≈.≈$≈.≈≈.≈≈ #≈≈≈≈#≈
#∩.≈.#≈≈.≈#≈≈.:$?..≈≈≈. #≈≈≈.#.
#.≈≈.#.≈.≈#≈.≈.):(.≈.≈≈ #≈≈≈≈#†
##≈≈≈##≈.≈##≈≈....≈≈≈≈≈##...##≈


You could see a bullfrog.

Vanquished Creatures
  A bullfrog (Sewer)
  Robin (D:2)
  A gnoll (D:1)
  4 adders
  A river rat (D:3)
  2 worms
  3 dart slugs (D:1)
  15 ball pythons
  14 endoplasms
  10 giant cockroaches
  5 hobgoblins
  4 kobolds
  8 quokkas
  4 bats
  10 frilled lizards
  12 goblins
  2 rats (D:1)
97 creatures vanquished.

Vanquished Creatures (others)
  A fungus (D:1)
1 creature vanquished.

Grand Total: 98 creatures vanquished

Notes
Turn   | Place    | Note
-------+----------+-------------------------------------------
     0 | D:1      | kae the Draconian Transmuter began the quest for the Orb.
     0 | D:1      | Reached XP level 1. HP: 16/16 MP: 3/3
    81 | D:1      | Reached XP level 2. HP: 15/23 MP: 3/5
   475 | D:1      | Reached skill level 3 in Transmutations
   475 | D:1      | Reached XP level 3. HP: 18/28 MP: 4/6
   479 | D:1      | Learned a level 3 spell: Spider Form
  1604 | D:2      | Reached XP level 4. HP: 32/35 MP: 8/8
  1785 | D:2      | Noticed Robin
  1831 | D:2      | Killed Robin
  1832 | D:2      | Reached skill level 1 in Poison Magic
  2244 | D:3      | Reached skill level 4 in Transmutations
  2351 | D:3      | Found a glowing drain.
  2355 | Sewer    | Entered a sewer
  2504 | Sewer    | Reached XP level 5. HP: 25/40 MP: 9/9
  2646 | Sewer    | Learned a level 4 spell: Ice Form
  3284 | Sewer    | Gained mutation: You do not regenerate when monsters are
                  | visible. [potion of mutation]
  3284 | Sewer    | Gained mutation: You are weak. (Str -2) [potion of
                  | mutation]
  3286 | Sewer    | Reached skill level 1 in Ice Magic
  3286 | Sewer    | Slain by a bullfrog

Illustrated notes

Levels and vault maps discovered:
D:1:      dpeg_arrival_tiny_a, layout_rooms, st_stairs_12, minivault_19,
          interstate_on_off, minmay_shallow_snake_nest
D:2:      layout_basic, nrook_campfire, uniq_robin
D:3:      layout_loops_ring, nicolae_kikubaaqudgha_miasma_corner,
          ebering_ecumenical_altar_mist, gup_sewer_entry_spiral
Sewer:    sewer_frog_island_02

Skill      XL: |  1  2  3  4  5 |
---------------+----------------+-----
Transmutations | 3 4 |  4.8
Poison Magic   | 1 |  1.0
Spellcasting   | 3 |  3.3
Ice Magic      | 1 |  1.7
Fighting       | |  1.1
Dodging        | |  1.7
Unarmed Combat | |  3.0

Action                   |  1- 3 |  4- 6 || total
-------------------------+-------+-------++-------
Melee: Unarmed           |    80 |   152 ||   232
       Kick              |    25 |    16 ||    41
       Headbutt          |     8 |     8 ||    16
       Tailslap          |    10 |     6 ||    16
       Punch             |       |     4 ||     4
 Cast: Beastly Appendage |    25 |    20 ||    45
       Spider Form       |       |     9 ||     9
  Use: Scroll            |       |     7 ||     7
       Potion            |       |     2 ||     2
Armor: Skin              |    23 |    42 ||    65
Dodge: Dodged            |    57 |   130 ||   187

Table legend: (Time is in decaauts)
 A = Elapsed time spent in this place.
 B = Non-inter-level travel time spent in this place.
 C = Inter-level travel time spent in this place.
 D = Time resting spent in this place.
 E = Time spent auto-exploring this place.
 F = Levels seen in this place.
 G = Mean time per level.
                   A        B        C        D        E       F      G
               +--------+--------+--------+--------+--------+-----+--------+
         Total |   3372 |   3345 |     27 |    139 |   2439 |   4 |  843.0 |
       Dungeon |   2369 |   2342 |     27 |      0 |   1836 |   3 |  789.7 |
         Sewer |   1002 |   1002 |      0 |    139 |    603 |   1 | 1002.0 |
               +--------+--------+--------+--------+--------+-----+--------+

Top non-repeatable levels by time:
     D:2: 1181 daAuts
     D:1: 1031 daAuts
   Sewer: 1002 daAuts
     D:3: 157 daAuts
